 Dungeon Crawl Stone Soup version 0.30-a0-368-g86fb4627a9 (webtiles) character file.

Game seed: 399275927784392820

6178 porpoise the Carver (level 10, -1/79 HPs)
             Began as a Demonspawn Monk on Nov 20, 2022.
             Slain by a wyvern (6 damage)
             ... on level 9 of the Dungeon.
             The game lasted 00:30:10 (8372 turns).

porpoise the Carver (Demonspawn Monk)               Turns: 8372, Time: 00:30:10

Health: -1/79      AC:  8    Str: 13    XL:     10   Next: 60%
Magic:  10/10      EV: 14    Int: 13    God:
Gold:   524        SH:  4    Dex: 26    Spells: 9/9 levels left

rFire   . . .      SeeInvis .    a - +9 dagger of Infinity {flame, *Slow rPois Dex+9}
rCold   . . .      Faith    .    (no shield)
rNeg    . . .      Spirit   .    C - +0 ring mail
rPois   +          Reflect  .    (helmet restricted)
rElec   .          Harm     .    (no cloak)
rCorr   .          Rampage  .    e - +0 pair of gloves
Will    .....                    (no boots)
Stlth   ++++......               (no amulet)
HPRegen 0.33/turn                (no ring)
MPRegen 0.12/turn                (no ring)

@: hasted, studying Unarmed Combat, very quick
A: hooves 2, molten scales 1, condensation shield, antennae 1, claws 1,
MP-powered wands
a: no special abilities


You were on level 9 of the Dungeon.
You visited 2 branches of the dungeon, and saw 10 of its levels.

You collected 524 gold pieces.

Inventory:

Hand Weapons
 a - the +9 dagger of Infinity (weapon) {flame, *Slow rPois Dex+9}
   (You found it on level 3 of the Dungeon)

   It burns those it strikes, dealing additional fire damage.
   Dex:       It affects your dexterity (+9).
   rPois:     It protects you from poison.
   *Slow:     It may slow you when you take damage.
 b - a +0 sling
 f - a +5 trident
 k - the +6 dagger "Zyteytuv" {freeze, *Rage rN+++ Will+ rCorr}
   (You found it on level 2 of the Dungeon)

   It freezes those it strikes, dealing additional cold damage.
   It can also slow down cold-blooded creatures.
   rN:        It renders you almost immune to negative energy.
   *Rage:     It berserks you when you make melee attacks (+20% chance).
   rCorr:     It protects you from acid and corrosion.
   Will:      It increases your willpower.
 s - a +1 falchion
Missiles
 d - 27 poisoned darts (quivered)
 p - 5 silver boomerangs
 x - 3 atropa-tipped darts
 E - 5 boomerangs
 N - a curare-tipped dart
Armour
 e - a +0 pair of gloves (worn)
 w - the +2 robe of Daffodils {rElec MP+9}
   (You found it on level 4 of the Dungeon)

   rElec:     It insulates you from electricity.
   MP:        It affects your magic capacity (+9).
 C - a +0 ring mail (worn)
Magical Staves
 t - a staff of fire
 v - a staff of conjuration
Jewellery
 c - an amulet of faith
 i - the ring of Sooklyga {rC+ Dex+6}
   (You found it on level 7 of the Dungeon)

   [ring of dexterity]

   Dex:       It affects your dexterity (+6).
   rC:        It protects you from cold.
 G - the ring of Honesty {Wiz rN+ Slay+4}
   (You found it on level 7 of the Dungeon)

   [ring of wizardry]

   It improves your spell success rate.
   Slay:      It affects your accuracy & damage with ranged weapons and melee
   (+4).
   rN:        It protects you from negative energy.
 H - the amulet "Haafexza" {Spirit rC+ rN+ Stlth+}
   (You found it on level 7 of the Dungeon)

   [amulet of guardian spirit]

   It causes incoming damage to be divided between your reserves of health and
   magic.
   rC:        It protects you from cold.
   rN:        It protects you from negative energy.
   Stlth:     It makes you more stealthy.
 I - the ring "Wainu" {Will+ Dex+2}
   (You found it on level 7 of the Dungeon)

   [ring of willpower]

   Dex:       It affects your dexterity (+2).
   Will:      It increases your willpower.
Wands
 m - a wand of mindburst (12)
 y - a wand of iceblast (9)
 B - a wand of flame (13)
 M - a wand of light (5)
Scrolls
 g - 2 scrolls of vulnerability
 j - a scroll of enchant weapon
 l - a scroll of butterflies
 q - a scroll of noise
 r - 6 scrolls of teleportation
 u - 2 scrolls of magic mapping
 z - a scroll of immolation {unknown}
 A - a scroll of blinking {unknown}
 D - a scroll of enchant armour {unknown}
 F - 3 scrolls of identify
 K - a scroll of poison {unknown}
 L - a scroll of silence {unknown}
Potions
 n - 5 potions of flight
 J - a potion of mutation


   Skills:
 - Level 7.0 Fighting
 - Level 10.4 Long Blades
 + Level 3.3 Armour
 - Level 5.0 Dodging
 - Level 7.0 Stealth
 + Level 4.9 Unarmed Combat
 + Level 1.3 Evocations


You had 9 spell levels left.
You didn't know any spells.
Your spell library contained the following spells:

 Spells                   Type           Power      Damage    Failure   Level
 Apportation              Tloc           0%         N/A       54%         1
 Kiss of Death            Conj/Necr      0%         2d5       54%         1
 Ensorcelled Hibernation  Hex/Ice        0%         N/A       67%         2
 Passwall                 Tmut/Erth      0%         N/A       67%         2
 Confusing Touch          Hex            0%         N/A       88%         3
 Dazzling Flash           Conj/Hex       0%         N/A       88%         3
 Swiftness                Air            0%         N/A       88%         3
 Cause Fear               Hex            0%         N/A       99%         4
 Dispel Undead            Necr           0%         3d6       99%         4
 Iskenderun's Mystic Bla  Conj/Tloc      0%         2d3       99%         4
 Alistair's Intoxication  Tmut/Pois      0%         N/A       100%        5
 Starburst                Conj/Fire      0%         6d3       100%        6
 Dragon Form              Tmut           0%         N/A       100%        7
 Dragon's Call            Summ           0%         N/A       100%        9


Dungeon Overview and Level Annotations

Branches:
Dungeon (9/15)             Temple (1/1) D:5
   Lair: D:8-11         Orc: D:9-12

Altars:
Ashenzari
Cheibriados
Dithmenos
Fedhas
Gozag
Kikubaaqudgha
Makhleb
Nemelex Xobeh
Okawaru
Qazlal
Ru
Sif Muna
Trog
Uskayaw
Vehumet
Wu Jian
Xom
Yredelemnul

Annotations:
D:7 1 transporter, HilariousDeathArtist's ghost, novice AtFi


Innate Abilities, Weirdness & Mutations

You have hoof-like feet.
You are partially covered in molten scales. (AC +2)
A meltable shield of frost defends you. (SH +4)
You have a pair of small antennae on your head.
You have sharp fingernails.
You expend magic power (3 MP) to strengthen your wands.


Message History

The centaur unwields a +0 shortbow.
The centaur hits you but does no damage.
You block the centaur's attack.
You puncture the centaur! You burn the centaur. You kick the centaur.
The centaur is almost dead.
The wyvern bites you! The centaur hits you.
* * * LOW HITPOINT WARNING * * *
The centaur kicks you.
* * * LOW HITPOINT WARNING * * *
You block the hornet's attack.
You puncture the centaur! You burn the centaur.
You kill the centaur!
The wyvern bites you but does no damage.
The hornet stings you!
* * * LOW HITPOINT WARNING * * *
Unknown command.
You feel much better.
The wyvern bites you but does no damage.
The hornet stings you! The wyvern bites you!
* * * LOW HITPOINT WARNING * * *
You hit the hornet. You burn the hornet.
You punch the hornet, but do no damage.
The hornet is moderately wounded.
The hornet stings you but does no damage.
The wyvern barely misses you.
You closely miss the hornet. Your kick misses the hornet.
The hornet is moderately wounded.
The hornet barely misses you. The wyvern barely misses you.
You closely miss the hornet. Your kick misses the hornet.
The hornet is moderately wounded.
The hornet closely misses you. The wyvern barely misses you.
You puncture the hornet! You burn the hornet. Your kick misses the hornet.
The hornet is heavily wounded.
You block the hornet's attack. The wyvern bites you!
* * * LOW HITPOINT WARNING * * *
You feel yourself speed up. You block the hornet's attack.
The wyvern misses you. You block the hornet's attack.
The hornet attacks as you move away! The hornet closely misses you.
The wyvern bites you.
You die...

.. #.# #. # #.### #. ..
.... #. #. ...#
.#######. #.#. #..#
...<..... #.#.##..#
######.. #.#.)#..######
#..... ###...y.@.......
#.#### .......l..######
#.# #####......# #.#
#(......#############.#
#.##.....####....)....#
..............#########
# #.##...#.###### # #
#####.# # #.# #


You could see a hornet and a wyvern.

Vanquished Creatures
  2 ugly things (D:7)
  2 manticores (D:7)
  A gargoyle (D:7)
  A kobold demonologist (D:7)
  A troll (D:7)
  Prince Ribbit (D:6)
  2 slime creatures (D:7)
  Sigmund (D:3)
  A shadow (D:7)
  4 yaks
  2 water moccasins
  2 sky beasts
  4 centaurs
  2 kobold brigands
  3 bullfrogs
  A scorpion (D:3)
  8 wights (D:7)
  4 killer bees (D:8)
  5 hounds
  4 orc priests
  2 jellies
  Jessica (D:3)
  Terence (D:3)
  4 iguanas
  3 orc wizards
  4 adders
  2 shadow imps (D:6)
  9 white imps
  5 ufetubi
  6 worms
  5 dart slugs
  19 orcs
  5 bats
  10 endoplasms
  2 giant cockroaches (D:3)
  7 goblins
  3 hobgoblins
  8 jackals
  6 quokkas
  4 ball pythons
  4 frilled lizards
  15 kobolds
  A rat (D:1)
177 creatures vanquished.

Notes
Turn   | Place    | Note
-------+----------+-------------------------------------------
     0 | D:1      | porpoise the Demonspawn Monk began the quest for the Orb.
     0 | D:1      | Reached XP level 1. HP: 18/18 MP: 1/1
   170 | D:1      | Reached skill level 3 in Long Blades
   266 | D:1      | Gained mutation: You are partially covered in molten
                  | scales. (AC +2) [demonic ancestry]
   266 | D:1      | Reached XP level 2. HP: 23/24 MP: 2/2
  1133 | D:2      | Identified the +6 dagger "Zyteytuv" {freeze, *Rage rN+++
                  | Will+ rCorr}
  1150 | D:2      | Gained mutation: You have large cloven feet. [demonic
                  | ancestry]
  1150 | D:2      | Reached XP level 3. HP: 23/29 MP: 3/3
  1273 | D:2      | Found a faded altar of an unknown god.
  1648 | D:2      | Reached skill level 4 in Long Blades
  1648 | D:2      | Gained mutation: You have hoof-like feet. [demonic
                  | ancestry]
  1648 | D:2      | Reached XP level 4. HP: 29/37 MP: 4/4
  2137 | D:3      | Noticed Sigmund
  2166 | D:3      | Killed Sigmund
  2167 | D:3      | Reached skill level 5 in Long Blades
  2167 | D:3      | Reached XP level 5. HP: 8/43 MP: 5/5
  2463 | D:3      | Noticed Terence
  2469 | D:3      | Killed Terence
  2470 | D:3      | Reached XP level 6. HP: 49/49 MP: 6/6
  2595 | D:3      | Noticed Jessica
  2599 | D:3      | Killed Jessica
  2827 | D:3      | Identified the +9 dagger of Infinity {flame, *Slow rPois
                  | Dex+9}
  2868 | D:3      | Found a bloodstained altar of Trog.
  2961 | D:4      | You fall into a shaft and drop 2 floors!
  3007 | D:5      | Entered Level 5 of the Dungeon
  3109 | D:4      | Reached skill level 5 in Fighting
  3277 | D:4      | Identified the +2 robe of Daffodils {rElec MP+9}
  3367 | D:4      | Reached skill level 6 in Long Blades
  3473 | D:4      | Found a broken altar of Ashenzari.
  3893 | D:4      | Reached XP level 7. HP: 56/56 MP: 7/7
  4083 | D:5      | Found a sacrificial altar of Ru.
  4486 | D:5      | Found a staircase to the Ecumenical Temple.
  4495 | Temple   | Entered the Ecumenical Temple
  4495 | Temple   | Found a transporter.
  4495 | Temple   | Found a transporter.
  4497 | Temple   | Found a transporter.
  4497 | Temple   | Found a transporter.
  5267 | D:6      | Reached skill level 7 in Long Blades
  5311 | D:6      | Noticed Prince Ribbit
  5327 | D:6      | Killed Prince Ribbit
  5328 | D:6      | Reached XP level 8. HP: 45/64 MP: 8/8
  5879 | D:7      | Gained mutation: You have a pair of small antennae on your
                  | head. [potion of mutation]
  5879 | D:7      | Gained mutation: You have sharp fingernails. [potion of
                  | mutation]
  5879 | D:7      | Gained mutation: You expend magic power (3 MP) to
                  | strengthen your wands. [potion of mutation]
  5879 | D:7      | HP: 2/62 [wight/+5 trident (6)]
  5890 | D:7      | Reached skill level 8 in Long Blades
  6087 | D:7      | Noticed a troll
  6090 | D:7      | Killed a troll
  6091 | D:7      | Reached skill level 5 in Stealth
  6130 | D:7      | Gained mutation: A meltable shield of frost defends you.
                  | (SH +4) [demonic ancestry]
  6130 | D:7      | Reached XP level 9. HP: 59/71 MP: 9/9
  6243 | D:7      | Noticed a kobold demonologist
  6243 | D:7      | Noticed a cyan ugly thing
  6245 | D:7      | Noticed a green ugly thing
  6246 | D:7      | Noticed a gargoyle
  6247 | D:7      | Noticed a hellwing
  6261 | D:7      | Killed a green ugly thing
  6262 | D:7      | Reached skill level 9 in Long Blades
  6272 | D:7      | Killed a kobold demonologist
  6296 | D:7      | Killed a gargoyle
  6297 | D:7      | Reached skill level 10 in Long Blades
  6313 | D:7      | Noticed a manticore
  6315 | D:7      | Noticed a manticore
  6583 | D:7      | Identified the ring of Sooklyga {rC+ Dex+6}
  6586 | D:7      | Identified the ring of Honesty {Wiz rN+ Slay+4}
  6711 | D:7      | Killed a manticore
  6712 | D:7      | Reached XP level 10. HP: 27/79 MP: 10/10
  6873 | D:7      | Identified the amulet "Haafexza" {Spirit rC+ rN+ Stlth+}
  6876 | D:7      | Identified the ring "Wainu" {Will+ Dex+2}
  6904 | D:7      | Killed a manticore
  6905 | D:7      | Reached skill level 1 in Armour
  6905 | D:7      | Reached skill level 1 in Unarmed Combat
  6954 | D:7      | Killed a cyan ugly thing
  7043 | D:7      | Noticed HilariousDeathArtist's ghost (novice AtFi)
  7044 | D:7      | Identified the +5 dire flail "Goowix" {antimagic, rC+}
  7044 | D:7      | Identified the +6 dire flail of Joohiny {vorpal, Dex+4}
  7044 | D:7      | Noticed a two-headed ogre
  7045 | D:7      | Found a transporter.
  7490 | D:8      | Found a shadowy altar of Dithmenos.
  7592 | D:8      | Found a stormy altar of Qazlal.
  7863 | D:8      | Reached skill level 5 in Dodging
  7898 | D:8      | Found a radiant altar of Vehumet.
  8202 | D:9      | Reached skill level 1 in Evocations
  8372 | D:9      | Slain by a wyvern

Illustrated notes

Levels and vault maps discovered:
D:1:      sevenhm_arrival_forest_fort_large_2, layout_loops_corners,
          dreamdust_mushroom_princess
D:2:      layout_basic, hellmonk_ecumenical_altar_run_dry,
          roderic_serpentine_path, nicolae_wormholes
D:3:      layout_basic, bloody_trog, minmay_bisected, uniq_sigmund,
          uniq_jessica, uniq_terence
D:4:      layout_basic, kennysheep_mini
D:5:      layout_rooms, nicolae_ru_sacrificial_ziggurat,
          minmay_temple_entry_statues_fountains, serial_bayou_lagoon_b
D:6:      layout_loops_cross, mainiacjoe_overflow_paths, serial_demonic,
          serial_demonic_b, serial_demonic_c, serial_demonic_f,
          serial_demonic_c, serial_demonic_f, serial_demonic_a,
          serial_demonic_a, hangedman_decor_clover_reticule,
          hangedman_decor_peaks_small, uniq_prince_ribbit1
D:7:      minmay_the_grid_triangle_9x9_rhombus_thin
          [minmay_the_grid_triangle_9x9_warning,
          minmay_the_grid_triangle_9x9_prize_special,
          minmay_the_grid_triangle_9x9_sparse_checkered,
          minmay_the_grid_triangle_9x9_odd_lines], layout_gridville,
          elyvilon_altar_4, gammafunk_ghost_smash
D:8:      layout_basic, vehumet_crystals, grunt_qazlal_sundering,
          nicolae_dithmenos_through_a_glass_darkly
D:9:      layout_loops_ring, beargit_hepliaklqana_dungeon_heroes
Temple:   hellmonk_temple_divided_pantheon

Skill      XL: |  1  2  3  4  5  6  7  8  9 10 |
---------------+-------------------------------+-----
Long Blades    | 3 4 5 6 7 8 10 | 10.4
Fighting       | 4 5 6 7 |  7.0
Stealth        | 2 3 5 7 |  7.0
Dodging        | 3 5 |  5.0
Armour         | 3 |  3.3
Unarmed Combat | 4 |  4.9
Evocations     | 1 |  1.3

Action                   |  1- 3 |  4- 6 |  7- 9 | 10-12 || total
-------------------------+-------+-------+-------+-------++-------
Melee: Falchion          |    37 |       |       |       ||    37
       Dagger            |    51 |    81 |   203 |   122 ||   457
       Kick              |    14 |    20 |    57 |    41 ||   132
       Punch             |       |     2 |     2 |    10 ||    14
Evoke: Wand              |       |       |     1 |       ||     1
  Use: Scroll            |       |     2 |     6 |     2 ||    10
       Potion            |       |       |    12 |     2 ||    14
 Stab: Sleeping          |    10 |     4 |     4 |     2 ||    20
       Distracted        |       |     1 |     1 |       ||     2
       Invisible         |       |       |     1 |       ||     1
Armor: Robe              |    27 |     1 |    50 |     3 ||    81
       Scale mail        |       |    28 |       |       ||    28
       Ring mail         |       |       |       |    21 ||    21
Dodge: Dodged            |    38 |    28 |   108 |    44 ||   218
Block: Other             |       |       |     4 |    20 ||    24

Table legend: (Time is in decaauts)
 A = Elapsed time spent in this place.
 B = Non-inter-level travel time spent in this place.
 C = Inter-level travel time spent in this place.
 D = Time resting spent in this place.
 E = Time spent auto-exploring this place.
 F = Levels seen in this place.
 G = Mean time per level.
                   A        B        C        D        E       F      G
               +--------+--------+--------+--------+--------+-----+--------+
         Total |   8376 |   8097 |    279 |   1685 |   4854 |  10 |  837.6 |
       Dungeon |   8306 |   8027 |    279 |   1685 |   4848 |   9 |  922.9 |
        Temple |     69 |     69 |      0 |      0 |      6 |   1 |   69.0 |
               +--------+--------+--------+--------+--------+-----+--------+

Top non-repeatable levels by time:
     D:7: 1759 daAuts
     D:4: 1107 daAuts
     D:1: 1084 daAuts
     D:3: 978 daAuts
     D:2: 925 daAuts
     D:6: 892 daAuts
     D:8: 762 daAuts
     D:5: 631 daAuts
     D:9: 165 daAuts
  Temple: 69 daAuts
